 Dungeon Sprint DCSS version 0.32-a0-571-gec57dfcd37 (webtiles) character file.

Game seed: 12270348956253827969

202 rocky1 the Basher (level 5, -2/47 HPs)
             Began as a Mountain Dwarf Gladiator on Mar 1, 2024.
             Slain by a shadow (29 damage)
             ... in the Dungeon (Sprint III: "The Ten Rune Challenge").
             The game lasted 00:01:49 (422 turns).

rocky1 the Basher (Mountain Dwarf Gladiator)         Turns: 422, Time: 00:01:50

Health: -2/47      AC:  4    Str: 19    XL:     5   Next: 50%
Magic:  5/5        EV: 13    Int:  8    God:
Gold:   56         SH:  0    Dex: 11    Spells: 4/4 levels left

rFire   . . .        a - +0 flail
rCold   . . .        (no shield)
rNeg    . . .        b - +0 leather armour
rPois   .            c - +0 helmet
rElec   .            (no cloak)
rCorr   .            (no gloves)
SInv    .            (no boots)
Will    .....        (no amulet)
Stlth   +            (no ring)
HPRegen 0.27/turn    (no ring)
MPRegen 0.09/turn

%: no teleportation
@: no status effects
A: runic magic, artefact enchanting
a: no special abilities


You were in the Dungeon.
You visited 1 branch You collected 56 gold pieces.

Inventory:

Hand Weapons
 a - a +0 flail (weapon)
Missiles
 e - a javelin (quivered)
Armour
 b - a +0 leather armour (worn)
 c - a +0 helmet (worn)
Scrolls
 k - a scroll of blinking
 l - 2 scrolls of poison {unknown}
 m - a scroll of identify {unknown}
 o - a scroll of enchant weapon {unknown}
Potions
 d - 4 potions of mutation {unknown}
 f - a potion of curing
 g - a potion of heal wounds
 h - a potion of haste
 i - 2 potions of magic
 n - a potion of invisibility {unknown}
 p - a potion of might {unknown}


   Skills:
 * Level 4.4 Fighting
 * Level 10.7 Maces & Flails
 - Level 1.7 Throwing
 * Level 4.5 Armour
 + Level 4.5 Dodging
 - Level 0.1 Stealth


You had 4 spell levels left.
You didn't know any spells.
Your spell library was empty.

Dungeon Overview and Level Annotations

Branches:
Dungeon (1/1)

Altars:


Innate Abilities, Weirdness & Mutations

Your spellcasting is much less encumbered by armour.
You can use scrolls of enchantment on lesser artefacts.


Message History

You recover from your berserk rage.
There is an open door to the Ecumenical Temple here.
There is a fountain of clear blue water here.
You open the door.
A jelly comes into view.
The jelly quivers.
You thump the jelly!
Your hands burn!
The jelly is severely wounded.
The jelly hits you but does no damage.
You sock the jelly!
You kill the jelly!
You start resting.
HP restored.
A shadow comes into view.
There is an open door here.
You sock the shadow!
The shadow is moderately damaged.
The shadow slips into darkness.
The shadow flickers and vanishes!
Deactivating autopickup; reactivate with Ctrl-A.
You barely miss something.
The shadow strikes at you from the darkness!
Reactivating autopickup.
You closely miss the shadow.
The shadow is moderately damaged.
The shadow slips into darkness.
The shadow flickers and vanishes!
Deactivating autopickup; reactivate with Ctrl-A.
You miss something.
The shadow strikes at you from the darkness!
Reactivating autopickup.
You barely miss the shadow.
The shadow is moderately damaged.
The shadow slips into darkness.
The shadow flickers and vanishes!
Deactivating autopickup; reactivate with Ctrl-A.
You miss something.
The shadow strikes at you from the darkness!
Ouch! That really hurt!
You die...

▓▓▓ ##.# ####..#
#..#..#
#..#..###+#+###+##
##'#..#..........#
###...'.⌠........#
###...#...######@#
##....#.⌠.# #.{.#
#.....#...# #...#
......#+### #...#
#.....# #...+
##....# +...#
▓▓▓▓▓▓ ▓▓▓▓▓


There were no monsters in sight!

Vanquished Creatures
  A scorpion (D)
  A water elemental (D)
  A jelly (D)
  Jessica (D)
  A human (D)
  An endoplasm (D)
  A rat (D)
7 creatures vanquished.

Notes
Turn   | Place    | Note
-------+----------+-------------------------------------------
     0 | D        | rocky1 the Mountain Dwarf Gladiator began the quest for the
                  | Orb.
     0 | D        | Reached XP level 1. HP: 17/17 MP: 1/1
    10 | D        | Reached skill level 4 in Maces & Flails
    37 | D        | Noticed Jessica
    42 | D        | Killed Jessica
    43 | D        | Reached skill level 6 in Maces & Flails
    43 | D        | Reached skill level 1 in Armour
    43 | D        | Reached XP level 2. HP: 21/25 MP: 2/2
    95 | D        | Reached skill level 7 in Maces & Flails
    95 | D        | Reached XP level 3. HP: 12/31 MP: 3/3
   271 | D        | Noticed a scorpion
   279 | D        | Killed a scorpion
   280 | D        | Reached skill level 8 in Maces & Flails
   280 | D        | Reached XP level 4. HP: 31/38 MP: 4/4
   330 | D        | Noticed a water elemental
   336 | D        | Killed a water elemental
   337 | D        | Reached skill level 10 in Maces & Flails
   337 | D        | Reached XP level 5. HP: 46/46 MP: 5/5
   416 | D        | Noticed a shadow
   422 | D        | Slain by a shadow

Illustrated notes

Levels and vault maps discovered:
D:        dungeon_sprint_mu [sprint_mu_entry_cave, sprint_mu_temple_rooms,
          sprint_mu_d1_spiders, sprint_mu_d2_genie, sprint_mu_d3_branching,
          sprint_mu_orc_legion, sprint_mu_elf_gauntlet, sprint_mu_hive_nellie,
          sprint_mu_lair_fedhas, sprint_mu_vaults_butterflies,
          sprint_mu_slime_circle, sprint_mu_shoals_kraken,
          sprint_mu_snake_twists, sprint_mu_blade_basic, sprint_mu_crypt_lich,
          sprint_mu_tomb_spiral, sprint_mu_vestibule_basic,
          sprint_mu_gehenna_hellfire, sprint_mu_dis_giant,
          sprint_mu_tartarus_statrot, sprint_mu_cocytus_islands, sprint_mu_zot1]

Skill      XL: |  1  2  3  4 |
---------------+-------------+-----
Maces & Flails | 6 7 8 10 | 10.7
Armour         | 1 2 3 4 |  4.5
Dodging        | 3 4 |  4.5
Fighting       | 3 4 |  4.4
Throwing       | |  1.7
Stealth        | |  0.1

Action                     |  1- 3 |  4- 6 || total
---------------------------+-------+-------++-------
  Melee: Flail             |    30 |    13 ||    43
  Throw: Throwing net      |     3 |       ||     3
    Use: Potion            |       |     1 ||     1
   Stab: Held in net/web   |     2 |       ||     2
 Armour: Leather armour    |    10 |     5 ||    15
  Dodge: Dodged            |    14 |     2 ||    16

Table legend: (Time is in decaauts)
 A = Elapsed time spent in this place.
 B = Non-inter-level travel time spent in this place.
 C = Inter-level travel time spent in this place.
 D = Time resting spent in this place.
 E = Time spent auto-exploring this place.
 F = Levels seen in this place.
 G = Mean time per level.
                   A        B        C        D        E       F      G
               +--------+--------+--------+--------+--------+-----+--------+
         Total |    442 |    442 |      0 |    273 |     33 |   1 |  442.0 |
       Dungeon |    442 |    442 |      0 |    273 |     33 |   1 |  442.0 |
               +--------+--------+--------+--------+--------+-----+--------+

Top non-repeatable levels by time:
       D: 442 daAuts
